Map: Prion Terraces

Players

LilDicky - Winner!

  • Race: Terran Terran
  • League: Diamond

A.I. 1 (Easy)

  • Race: Protoss Protoss

VOD

http://www.twitch.tv/tumescentpie

Description

Time

  • Played on: Dec. 12, 2015, 11:15 a.m.
  • Length: 16:11
Show
View Real Time Build Order
Export as new Build Order

LilDicky Terran - Winner!

Build Orders: Command Center First (CC), MMM Bio 

Get SALT Encoding   

  12  0:01  SCV  
  13  0:14  SCV  
  14  0:27  SCV  
  15  0:33  Supply Depot  
  15  0:54  SCV  
  16  1:06  SCV  
  16  1:09  Command Center  
  17  1:17  Barracks  
  17  1:18  SCV  
  18  1:31  SCV  
  19  1:43  SCV  
  20  1:47  Refinery  
  20  1:56  SCV  
  22  2:08  SCV  
  22  2:15  Marine  
  22  2:21  Orbital Command  
  22  2:22  Barracks x2  
  23  2:23  Orbital Command  
  23  2:26  Refinery  
  23  2:33  Marine  
  24  2:52  SCV  
  24  2:55  SCV  
  24  2:56  Marine  
  27  3:03  Supply Depot  
  27  3:04  SCV  
  28  3:10  Barracks Tech Lab  
  28  3:11  Barracks Reactor  
  28  3:13  Barracks Tech Lab  
  28  3:19  Supply Depot  
  28  3:21  SCV  
  28  3:22  SCV  
  28  3:25  Supply Depot  
  28  3:26  Barracks Reactor  
  30  3:33  SCV  
  31  3:34  SCV  
  31  3:35  Combat Shields, Stimpack  
  31  3:36  Marine x2  
  34  3:41  Supply Depot  
  34  3:45  SCV  
  34  3:46  SCV  
  36  3:54  Marine  
  37  3:57  SCV, Ghost Academy  
  37  3:59  SCV  
  37  4:01  Marine  
  40  4:09  SCV  
  41  4:18  Command Center  
  41  4:23  Marine x2  
  43  4:26  SCV  
  43  4:29  Ghost  
  46  4:31  Ghost  
  48  4:41  SCV  
  48  4:43  Refinery, Marine  
  48  4:44  Refinery, Marine  
  51  4:48  Personal Cloaking  
  51  4:50  SCV  
  52  4:54  SCV  
  53  5:20  SCV  
  53  5:21  SCV  
  55  5:27  Marine x3  
  55  5:28  Marine  
  59  5:32  SCV  
  59  5:33  Orbital Command  
  60  5:37  SCV  
  61  5:44  SCV  
  61  5:46  Ghost x2  
  61  5:47  Marine x2  
  61  5:49  SCV  
  69  5:51  Barracks  
  69  5:53  Barracks  
  69  5:54  Command Center  
  69  5:56  Barracks  
  69  5:57  SCV  
  70  6:08  SCV  
  70  6:09  SCV  
  73  6:13  Marine x2  
  73  6:15  Ghost x2  
  79  6:21  SCV x2  
  79  6:23  Refinery x2  
  80  6:30  SCV  
  80  6:31  Factory  
  81  6:33  SCV x2  
  81  6:36  Marine x2  
  85  6:50  Supply Depot  
  85  6:52  Supply Depot x2  
  85  6:54  Barracks Reactor  
  85  6:55  Barracks Reactor x2  
  85  7:05  Ghost  
  85  7:06  SCV x3, Ghost  
  92  7:10  Marine x2  
  94  7:18  SCV x2  
  94  7:19  Engineering Bay  
  94  7:20  SCV x2  
  98  7:30  SCV  
  98  7:34  Ghost  
  100  7:57  Supply Depot  
  100  7:58  Supply Depot  
  100  7:59  Supply Depot, Factory Reactor  
  100  8:00  Starport  
  100  8:03  Nuke  
  100  8:08  Ghost Academy  
  100  8:11  Ghost Academy  
  100  8:13  Ghost Academy  
  100  8:15  Ghost Academy  
  95  8:50  Supply Depot x2  
  95  8:52  Supply Depot  
  95  8:53  Supply Depot, Nuke  
  95  8:54  Nuke x3  
  92  9:01  Barracks  
  92  9:03  Barracks  
  92  9:04  Ghost x2, Barracks  
  96  9:18  Barracks Tech Lab  
  96  9:25  Barracks Tech Lab  
  96  9:26  Supply Depot  
  96  9:32  Supply Depot, Barracks Tech Lab  
  96  9:33  Supply Depot  
  96  9:35  Supply Depot, Planetary Fortress  
  96  9:51  Command Center  
  96  9:52  Ghost x5  
  106  10:23  Ghost x5  
  106  10:24  Command Center  
  106  10:26  Barracks Tech Lab  
  116  10:28  Barracks Tech Lab  
  116  10:37  Missile Turret  
  116  10:39  Command Center x2  
  116  10:40  Command Center, Missile Turret  
  116  10:41  Missile Turret  
  116  10:43  Refinery  
  116  10:44  Command Center, Refinery  
  116  10:51  Ghost x2  
  116  10:52  Ghost x2  
  116  10:56  Refinery  
  124  10:58  Refinery, Ghost  
  126  11:06  Refinery  
  126  11:07  Refinery  
  126  11:08  Command Center  
  126  11:10  Refinery  
  124  11:12  Refinery x2  
  124  11:15  Refinery  
  96  12:25  Ghost x5  
  96  12:26  Ghost x2  
  105  12:53  Ghost  
  105  12:54  Ghost x5  
  115  13:03  Ghost  
  111  13:17  Orbital Command  
  111  13:22  Ghost x3  
  111  13:23  Ghost x3  
  111  13:24  Orbital Command  
  123  13:27  Orbital Command  
  123  13:29  Orbital Command  
  123  13:41  Orbital Command  
  123  13:43  Orbital Command  
  123  13:48  SCV  
  123  13:51  Command Center  
  124  13:59  Ghost x5  
  124  14:00  Ghost  
  136  14:04  Ghost  
Show
View Real Time Build Order
Export as new Build Order

A.I. 1 (Easy) Protoss 

Build Orders:  

Get SALT Encoding   

  12  0:01  Probe (Chrono Boost)  
  13  0:11  Probe (Chrono Boost)  
  14  0:20  Pylon  
  14  0:22  Probe (Chrono Boost)  
  15  0:38  Probe (Chrono Boost)  
  16  0:43  Assimilator  
  16  0:49  Gateway  
  16  0:51  Pylon  
  16  1:17  Assimilator  
  16  1:35  Zealot  
  16  1:38  Cybernetics Core  
  18  2:05  Pylon  
  18  2:10  Probe (Chrono Boost)  
  18  2:13  Adept, Warp Gate  
  21  2:21  Probe (Chrono Boost)  
  22  2:33  Probe (Chrono Boost)  
  24  2:44  Probe (Chrono Boost)  
  24  2:45  Stalker  
  26  2:56  Probe (Chrono Boost)  
  27  3:08  Probe (Chrono Boost)  
  28  3:16  Stalker  
  30  3:48  Adept  
  32  6:53  Stalker, Probe (Chrono Boost)  
  35  6:57  Pylon  
  35  6:59  Nexus  
  35  7:15  Probe (Chrono Boost)  
  36  7:16  Robotics Facility  
  36  7:18  Stalker  
  36  7:20  Pylon  
  38  7:26  Probe (Chrono Boost)  
  31  7:43  Sentry  
  31  8:04  Observer  
  32  8:08  Zealot  
  35  8:12  Probe (Chrono Boost)  
  35  8:16  Probe (Chrono Boost)  
  35  8:18  Assimilator  
  32  8:23  Probe (Chrono Boost)  
  32  8:25  Observer  
  32  8:26  Zealot  
  35  8:27  Probe (Chrono Boost)  
  35  8:31  Assimilator  
  35  8:33  Probe (Chrono Boost)  
  35  8:38  Probe (Chrono Boost)  
  35  8:44  Immortal  
  35  8:45  Probe (Chrono Boost)  
  38  8:50  Probe (Chrono Boost)  
  38  8:55  Probe (Chrono Boost), Zealot  
  41  9:01  Probe (Chrono Boost)  
  42  9:06  Probe (Chrono Boost)  
  43  9:12  Probe (Chrono Boost)  
  45  9:17  Probe (Chrono Boost)  
  45  9:20  Stalker  
  45  9:23  Probe (Chrono Boost)  
  48  9:29  Probe (Chrono Boost)  
  49  9:33  Probe (Chrono Boost)  
  50  9:39  Probe (Chrono Boost)  
  50  9:45  Probe (Chrono Boost), Adept  
  54  9:50  Probe (Chrono Boost)  
  55  9:55  Probe (Chrono Boost)  
  56  10:01  Probe (Chrono Boost)  
  56  10:04  Pylon  
  56  10:06  Probe (Chrono Boost)  
  58  10:10  Stalker  
  58  10:12  Probe (Chrono Boost)  
  61  10:17  Probe (Chrono Boost)  
  62  10:35  Stalker  
  64  11:00  Stalker  
  66  11:12  Immortal  
  66  11:17  Pylon  
  56  11:27  Probe (Chrono Boost)  
  56  11:29  Zealot  
  56  11:32  Probe (Chrono Boost)  
  57  11:39  Probe (Chrono Boost)  
  56  11:49  Immortal  
  57  11:54  Probe (Chrono Boost), Pylon  
  47  12:01  Stalker  
  47  12:05  Probe (Chrono Boost)  
  42  12:18  Probe (Chrono Boost)  
  42  12:22  Gateway  
  36  12:24  Forge  
  36  12:26  Stargate  
  36  12:27  Immortal  
  39  12:30  Probe (Chrono Boost)  
  39  12:37  Stalker  
  39  12:40  Robotics Bay  
  39  12:41  Probe (Chrono Boost)  
  42  12:52  Probe (Chrono Boost)  
  42  12:55  Protoss Ground Armor Level 1  
  43  12:59  Stalker  
  43  13:00  Nexus  
  43  13:05  Probe (Chrono Boost), Warp Prism  
  46  13:13  Gateway  
  46  13:16  Stalker  
  46  13:17  Probe (Chrono Boost)  
  49  13:21  Nexus  
  49  13:25  Observer Gravitic Boosters  
  49  13:29  Probe (Chrono Boost)  
  49  13:31  Stalker  
  52  13:40  Warp Prism  
  54  13:53  Sentry  
  56  14:15  Observer, Zealot  
  56  14:16  Gravitic Drive  
  59  14:34  Probe (Chrono Boost)  
  59  14:35  Stalker  
  59  14:38  Probe (Chrono Boost)  
  55  14:42  Probe (Chrono Boost)  
  55  14:47  Probe (Chrono Boost)  
  55  14:49  Zealot  
  41  14:57  Probe (Chrono Boost)  
  33  15:02  Probe (Chrono Boost)  
  33  15:04  Stalker  
  22  15:08  Probe (Chrono Boost)  
  19  15:14  Probe (Chrono Boost)  
  19  15:18  Nexus  
  19  15:20  Probe (Chrono Boost)  
  20  15:25  Probe (Chrono Boost)  
  20  15:32  Zealot  
  18  15:47  Stalker  
  20  15:50  Robotics Facility  
  18  15:59  Probe (Chrono Boost)  
  18  16:01  Stalker  
Tags
 
Add a new tag
Caveats
  • Supply blocks, unpowered buildings, or Contaminate may cause inaccurate times.
  • Supply counts are checked every 10 seconds.